 Dungeon Crawl Stone Soup version 0.28-a0-980-g3664467d6e (webtiles) character file.

Game seed: 4226142655674868791

565 bjvrkvb the Vexing (level 7, -4/30 (32) HPs)
             Began as a Spriggan Enchanter on Dec 2, 2021.
             Killed by divine providence
             ... invoked by an orc priest
              (16 damage)
             ... on level 6 of the Dungeon.
             The game lasted 00:07:49 (4979 turns).

bjvrkvb the Vexing (Spriggan Enchanter)             Turns: 4979, Time: 00:07:50

HP:   -4/30 (32)    AC:  3    Str:  6    XL:     7   Next: 10%
MP:   17/17         EV: 17    Int: 16    God:
Gold: 152           SH:  0    Dex: 16    Spells: 11/19 levels left

rFire   . . .      SeeInvis +   a - +1 dagger (protect)
rCold   . . .      Faith    .   (shield restricted)
rNeg    . . .      Spirit   .   b - +1 robe
rPois   .          Reflect  .   (helmet restricted)
rElec   .          Harm     .   (no cloak)
rCorr   .          Rampage  .   (gloves unavailable)
Will    +....                   (boots unavailable)
Stlth   +++.......              h - amulet of magic regeneration
HPRegen 0.10/turn               (no ring)
MPRegen 0.55/turn               (no ring)

@: about to teleport, drained, very quick
A: very small, no large weapons, unfitting armour, see invisible, speed 3
a: no special abilities


You were on level 6 of the Dungeon.
You visited 1 branch of the dungeon, and saw 6 of its levels.
You also visited: Sewer.

You collected 152 gold pieces.

Inventory:

Hand Weapons
 a - a +1 dagger of protection (weapon)
Missiles
 j - 10 poisoned darts (quivered)
Armour
 b - a +1 robe (worn)
Jewellery
 h - an amulet of magic regeneration (around neck)
Wands
 p - a wand of flame (22)
Scrolls
 c - a scroll of enchant armour
 l - a scroll of identify {unknown}
 o - a scroll of immolation
Potions
 d - a potion of curing
 e - a potion of mutation {unknown}
 f - a potion of lignification {unknown}
 g - 3 potions of heal wounds
 i - a potion of degeneration {unknown}
 k - a potion of ambrosia {unknown}
 n - a potion of flight {unknown}


   Skills:
 - Level 1.1 Short Blades
 - Level 2.6 Dodging
 + Level 6.3 Stealth
 + Level 6.5 Spellcasting
 + Level 7.0 Hexes


You had 11 spell levels left.
You knew the following spells:

 Your Spells              Type           Power      Damage    Failure   Level
a - Ensorcelled Hibernat  Hex/Ice        32%        N/A       4%          2
b - Tukima's Dance        Hex            27%        N/A       2%          3
c - Dazzling Flash        Conj/Hex       32%        N/A       10%         3

Your spell library contained the following spells:

 Spells                   Type           Power      Damage    Failure   Level
 Slow                     Hex            100%       N/A       1%          1
 Confusing Touch          Hex            27%        N/A       2%          3
 Yara's Violent Unravell  Hex/Tmut       8%         3d5       65%         5


Dungeon Overview and Level Annotations

Branches:
Dungeon (7/15)             Temple (0/1) D:7           Sewer (visited)

Altars:
Xom

Shops:
D:4 =

Annotations:
D:7 Prince Ribbit


Innate Abilities, Weirdness & Mutations

You are very small and have problems with some larger weapons.
You are too small for most types of armour.
You have supernaturally acute eyesight. (SInv)
You cover ground extremely quickly. (Speed+++)


Message History

Prince Ribbit resists with almost no effort.
The wyvern looks frightened!
The orc wizard looks frightened!
The orc looks frightened!
The ice beast looks frightened!
Found 17 stones and 15 gold pieces.
Found a staircase to the Ecumenical Temple.
There is a stone staircase leading up here.
You climb upwards.
Found 2 scrolls labelled OMEXKEQANERCH and a scroll labelled VAUMUE BAEFEUCS.
Found a stone staircase leading down.
There is a stone staircase leading down here.
You start resting.
An orc comes into view. It is wielding a +0 whip.
An orc is nearby!
An orc comes into view. It is wielding a +0 club.
An orc is nearby!
An orc is nearby!
An orc priest comes into view. It is wielding a +0 trident.
Casting: Ensorcelled Hibernation (safe; 4% risk of failure)
Confirm with . or Enter, or press ? or * to list all spells.
Aiming: Ensorcelled Hibernation (safe; 4% risk of failure)
Press: ? - help, Shift-Dir - straight line, f - orc
Aim: an orc, wielding a +0 club and wearing a +0 chain mail (chance to affect: 64%)
The orc looks drowsy...
The orc priest shouts!
The orc shouts!
You hear a shout!
An orc comes into view. It is wielding a +2 dagger of draining.
An orc comes into view. It is wielding a +0 hand axe.
The helpless orc fails to defend itself.
You puncture the orc!
Your weapon exudes an aura of protection.
You kill the orc!
The orc shouts!
There is a stone staircase leading down here.
There is a stone staircase leading down here.
You see here a scroll labelled VAUMUE BAEFEUCS.
As you read the scroll labelled VAUMUE BAEFEUCS, it crumbles to dust.
You feel strangely unstable.
It was a scroll of teleportation.
The orc priest invokes the aid of Beogh against you.
Beogh smites you!
Ouch! That really hurt!
You die...

#########
#.......####
#..@#.......
#..>....###
#.........#
####?......#.##
.......o.......
####.o.....#...
#o##>.......
#.####.##o####...
..o...)...# ..#


You could see an orc priest and 3 orcs.

Vanquished Creatures
  Sigmund (D:2)
  A water moccasin (Sewer)
  An ogre (D:7)
  A jelly (D:4)
  An orc priest (D:4)
  A hound (D:4)
  2 river rats (D:4)
  3 adders
  A worm (D:4)
  3 dart slugs
  4 orcs
  5 ball pythons
  5 endoplasms
  3 giant cockroaches
  3 goblins
  5 hobgoblins
  3 jackals
  3 quokkas
  11 bats
  3 frilled lizards (D:1)
  6 kobolds
  9 rats
75 creatures vanquished.

Vanquished Creatures (others)
  2 plants
2 creatures vanquished.

Grand Total: 77 creatures vanquished

Notes
Turn   | Place    | Note
-------+----------+-------------------------------------------
     0 | D:1      | bjvrkvb the Spriggan Enchanter began the quest for the Orb.
     0 | D:1      | Reached XP level 1. HP: 9/9 MP: 5/5
   556 | D:1      | Reached skill level 4 in Hexes
   556 | D:1      | Reached XP level 2. HP: 4/13 MP: 7/7
   882 | D:1      | Learned a level 2 spell: Ensorcelled Hibernation
  1884 | D:1      | Found a faded altar of an unknown god.
  2158 | D:1      | Reached XP level 3. HP: 13/16 MP: 9/9
  2295 | D:1      | Learned a level 3 spell: Tukima's Dance
  2299 | D:1      | Learned a level 3 spell: Dazzling Flash
  2744 | D:2      | Found a shimmering altar of Xom.
  2767 | D:2      | Noticed Sigmund
  2776 | D:2      | Killed Sigmund
  2777 | D:2      | Reached skill level 5 in Spellcasting
  2777 | D:2      | Reached skill level 6 in Hexes
  2777 | D:2      | Reached XP level 4. HP: 21/21 MP: 9/12
  2777 | D:2      | Reached XP level 5. HP: 24/24 MP: 9/13
  3749 | D:4      | Reached XP level 6. HP: 24/28 MP: 10/15
  3756 | D:4      | Reached skill level 5 in Stealth
  3780 | D:4      | Found Kezxoyral's Jewellery Shoppe.
  4134 | D:4      | Found a glowing drain.
  4138 | Sewer    | Entered a sewer
  4279 | Sewer    | Noticed a water moccasin
  4312 | Sewer    | Killed a water moccasin
  4892 | D:4      | You fall into a shaft and drop 3 floors!
  4902 | D:7      | Reached skill level 7 in Hexes
  4902 | D:7      | Reached XP level 7. HP: 29/32 MP: 14/17
  4914 | D:7      | Noticed Prince Ribbit
  4934 | D:7      | Noticed a wyvern
  4939 | D:7      | Found a staircase to the Ecumenical Temple.
  4979 | D:6      | Killed from afar by an orc priest

Illustrated notes

Levels and vault maps discovered:
D:1:      erik_arrival_cave_to_civilisation [erik_arrival_cave_to_temple],
          layout_loops_corners, chequers_ecumenical_altar_grove,
          kennysheep_decorative_pillar, chequers_mini_garden, minivault_14,
          chequers_serial_rivers_small_3, serial_bayou_crossing
D:2:      layout_basic, basic_altar, uniq_sigmund
D:3:      layout_loops_ring, minmay_unequal
D:4:      minmay_general_purpose_star, layout_basic, serial_shops,
          nicolae_shop_statue_plus, gup_sewer_entry_spiral
D:6:      layout_loops_ring, uniq_pikel
D:7:      layout_cave_pools, minmay_temple_entry_gardened_gates, uniq_harold,
          uniq_prince_ribbit1, uniq_joseph

Skill      XL: |  1  2  3  4  5  6 |
---------------+-------------------+-----
Spellcasting   | 3 5 6 |  6.5
Hexes          | 4 6 7 |  7.0
Stealth        | 6 |  6.3
Short Blades   | |  1.1
Dodging        | |  2.6

Action                   |  1- 3 |  4- 6 |  7- 9 || total
-------------------------+-------+-------+-------++-------
Melee: Dagger            |   140 |   126 |     9 ||   275
 Cast: Ensorcelled Hiber |    14 |    23 |     1 ||    38
       Dazzling Flash    |       |     3 |       ||     3
       Tukima's Dance    |       |     1 |       ||     1
  Use: Scroll            |     2 |     5 |     3 ||    10
       Potion            |     1 |     3 |       ||     4
 Stab: Sleeping          |    14 |    26 |     1 ||    41
       Invisible         |       |     1 |       ||     1
Armor: Robe              |    19 |    18 |     2 ||    39
Dodge: Dodged            |   139 |    97 |     6 ||   242

Table legend: (Time is in decaauts)
 A = Elapsed time spent in this place.
 B = Non-inter-level travel time spent in this place.
 C = Inter-level travel time spent in this place.
 D = Time resting spent in this place.
 E = Time spent auto-exploring this place.
 F = Levels seen in this place.
 G = Mean time per level.
                   A        B        C        D        E       F      G
               +--------+--------+--------+--------+--------+-----+--------+
         Total |   3958 |   3901 |     57 |    493 |   2713 |   7 |  565.4 |
       Dungeon |   3319 |   3262 |     57 |     48 |   2581 |   6 |  553.2 |
         Sewer |    638 |    638 |      0 |    445 |    131 |   1 |  638.0 |
               +--------+--------+--------+--------+--------+-----+--------+

Top non-repeatable levels by time:
     D:1: 1945 daAuts
   Sewer: 638 daAuts
     D:3: 525 daAuts
     D:4: 394 daAuts
     D:2: 388 daAuts
     D:7: 36 daAuts
     D:6: 29 daAuts
